 Dungeon Crawl Stone Soup version 0.32-a0-471-gb91d5d9764 (webtiles) character file.

Game seed: 9340580751908802145

26 KhaoChiang the Magician (level 2, 0/19 HPs)
             Began as a Mummy Earth Elementalist on Feb 26, 2024.
             Slain by an orc
             ... wielding a +0 mace
              (6 damage)
             ... on level 1 of the Dungeon.
             The game lasted 00:01:24 (724 turns).

KhaoChiang the Magician (Mummy Earth Elementalist)   Turns: 724, Time: 00:01:25

Health: 0/19       AC:  2    Str: 11    XL:     2   Next: 89%
Magic:  0/6        EV: 12    Int: 14    God:
Gold:   113        SH:  0    Dex: 12    Spells: 4/7 levels left

rFire   x . .        (no weapon)
rCold   + . .        (no shield)
rNeg    + + +        a - +0 robe
rPois   ∞            (no helmet)
rElec   .            (no cloak)
rCorr   .            (no gloves)
SInv    .            (no boots)
Will    .....        (no amulet)
Stlth   ++           (no ring)
HPRegen 0.23/turn    (no ring)
MPRegen 0.10/turn

%: faith
@: no status effects
A: cold resistance 1, negative energy resistance 3, torment resistance 2, heat
vulnerability 1, in touch with death 1, no potions, faith
a: no special abilities


You were on level 1 of the Dungeon.
You visited 1 branch of the dungeon, and saw 2 of its levels.

You collected 113 gold pieces.

Inventory:

Missiles
 f - 6 curare-tipped darts
Armour
 a - a +0 robe (worn)
Magical Staves
 e - a staff of death {rN+ !a}
Scrolls
 b - a scroll of butterflies {unknown}
 c - a scroll of identify {unknown}
 d - a scroll of poison {unknown}


   Skills:
 - Level 1.5 Dodging
 - Level 1.5 Stealth
 + Level 3.4 Spellcasting
 + Level 1.4 Conjurations
 + Level 2.7 Earth Magic


You had 4 spell levels left.
You knew the following spells:

 Your Spells              Type           Power      Damage    Failure   Level
b - Blink                 Tloc           4%         N/A       30%         2
s - Sandblast             Erth           20%        2d7       7%          1

Your spell library contained the following spells:

 Spells                   Type           Power      Damage    Failure   Level
 Passwall                 Erth           10%        N/A       21%         3
 Momentum Strike          Conj/Tloc      8%         3d8       24%         2
 Stone Arrow              Conj/Erth      16%        3d8       26%         3
 Lesser Beckoning         Tloc           4%         N/A       30%         2
 Brom's Barrelling Bould  Conj/Erth      8%         2d3       65%         4
 Petrify                  Alch/Erth      6%         N/A       75%         4


Dungeon Overview and Level Annotations

Branches:
Dungeon (2/15)

Altars:


Innate Abilities, Weirdness & Mutations

You are immune to poison.
Your flesh is cold resistant. (rC+)
You are immune to negative energy. (rN+++)
You are immune to unholy pain and torment.
You are vulnerable to heat. (rF-)
You are in touch with the powers of death.
You do not drink.
You have a special connection with the divine. (Faith)


Message History

The orc shouts!
An endoplasm comes into view.
The blast of sand hits the orc but does no damage.
There is a stone staircase leading up here.
The orc closely misses you.
You climb upwards.
There is a stone staircase leading down here.
The blast of sand hits the orc.
The orc is heavily wounded.
The orc barely misses you. The orc closely misses you.
The blast of sand hits the orc.
The orc is severely wounded.
The orc hits you with a +0 mace.
You are out of magic!
Okay, then.
You hit the orc but do no damage.
The orc is severely wounded.
The orc hits you with a +0 mace.
Casting: Sandblast (safe; 7% risk of failure)
Confirm with . or Enter, or press ? or * to list all spells.
Aiming: Sandblast (safe; 7% risk of failure)
Press: ? - help, Shift-Dir - straight line, f/p - orc
Aim: an orc, wielding a +0 mace and wearing a +0 scale mail (severely wounded, 84% to hit)
The blast of sand hits the orc.
The orc is almost dead.
The orc closely misses you. The orc barely misses you.
The orc attacks as it pursues you! The orc hits you with a +0 mace.
The orc attacks as it pursues you! The orc hits you with a +0 mace.
* * * LOW HITPOINT WARNING * * *
Casting: Sandblast (safe; 7% risk of failure)
Confirm with . or Enter, or press ? or * to list all spells.
Aiming: Sandblast (safe; 7% risk of failure)
Press: ? - help, Shift-Dir - straight line, f/p - orc
Aim: an orc, wielding a +0 mace and wearing a +0 scale mail (severely wounded, 84% to hit)
The blast of sand hits the orc but does no damage.
The orc is severely wounded.
The orc hits you but does no damage. The orc attacks as it pursues you!
The orc hits you but does no damage. The orc attacks as it pursues you!
The orc hits you with a +0 mace.
You die...

#......### ######..# ##.
#........### #.#.....#######).
#.....##...# #!..##.......>...
#.....####.####..##...#####..##
###..## #.......##...# #....#
##.## ###..#.####..# ##.....
#.†# ##......###..# #......
######.####..###o...#..###.#....
#...........###@.#.........#....
#......###### #.##..#.#.#......ß
#......# ##.###.#...#.#...§§
#......# #..# #.##..#.#.....
#%.....#######.## #.##....#.....
#.....†........# #.##.#..#.....
#.....###..##.#####.##....#.....
#.....# ##.#.....##.####..#.....
#.....# #.#.###.##.# #..#...≈≈


You could see an orc.

Vanquished Creatures
  A dart slug (D:1)
  3 orcs (D:2)
  3 ball pythons (D:1)
  An endoplasm (D:1)
  A goblin (D:1)
  3 hobgoblins (D:1)
  A quokka (D:1)
  4 bats (D:1)
  A frilled lizard (D:1)
  2 kobolds (D:1)
20 creatures vanquished.

Notes
Turn   | Place    | Note
-------+----------+-------------------------------------------
     0 | D:1      | KhaoChiang the Mummy Earth Elementalist began the quest for
                  | the Orb.
     0 | D:1      | Reached XP level 1. HP: 13/13 MP: 4/4
   147 | D:1      | Reached skill level 1 in Conjurations
   148 | D:1      | Reached skill level 3 in Spellcasting
   175 | D:1      | Reached XP level 2. HP: 16/19 MP: 1/6
   647 | D:1      | Learned a level 2 spell: Blink
   724 | D:1      | Slain by an orc

Illustrated notes

Levels and vault maps discovered:
D:1:      orjb1_lava_funnel, layout_rooms
D:2:      layout_loops_corners

Skill      XL: |  1 |
---------------+----+-----
Conjurations   | 1 |  1.4
Spellcasting   | 3 |  3.4
Dodging        | |  1.5
Stealth        | |  1.5
Earth Magic    | |  2.7

Action                     || total
---------------------------++-------
  Melee: Unarmed           ||     1
   Cast: Sandblast         ||    30
 Armour: Robe              ||     9
  Dodge: Dodged            ||    12

Table legend: (Time is in decaauts)
 A = Elapsed time spent in this place.
 B = Non-inter-level travel time spent in this place.
 C = Inter-level travel time spent in this place.
 D = Time resting spent in this place.
 E = Time spent auto-exploring this place.
 F = Levels seen in this place.
 G = Mean time per level.
                   A        B        C        D        E       F      G
               +--------+--------+--------+--------+--------+-----+--------+
         Total |    739 |    693 |     46 |      0 |    562 |   2 |  369.5 |
       Dungeon |    739 |    693 |     46 |      0 |    562 |   2 |  369.5 |
               +--------+--------+--------+--------+--------+-----+--------+

Top non-repeatable levels by time:
     D:1: 719 daAuts
     D:2: 20 daAuts
